 Dungeon Crawl Stone Soup version 0.31-a0-231-g51bb95cda3 (webtiles) character file.

Game seed: 17005326909421122420

72 qw the Shooter (level 4, -2/26 HPs)
             Began as a Gargoyle Hexslinger on July 6, 2023.
             Slain by Terence
             ... wielding a +0 flail
              (9 damage)
             ... on level 2 of the Dungeon.
             The game lasted 00:00:36 (1482 turns).

qw the Shooter (Gargoyle Hexslinger)                Turns: 1482, Time: 00:00:37

Health: -2/26      AC:  8    Str: 12    XL:     4   Next: 25%
Magic:  5/5        EV: 10    Int: 13    God:
Gold:   93         SH:  0    Dex: 14    Spells: 4/5 levels left

rFire   . . .        Y - +1 sling
rCold   . . .        (no shield)
rNeg    + . .        f - +0 ring mail
rPois   inf          (no helmet)
rElec   +            (no cloak)
rCorr   .            (no gloves)
SInv    .            (no boots)
Will    .....        (no amulet)
Stlth   +            (no ring)
HPRegen 0.24/turn    (no ring)
MPRegen 0.09/turn

%: no passive effects
@: no status effects
A: sickness immunity, AC +3, negative energy resistance 1, electricity
resistance, torment resistance 1, petrification resistance
a: no special abilities


You were on level 2 of the Dungeon.
You visited 1 branch of the dungeon, and saw 2 of its levels.

You collected 93 gold pieces.


Innate Abilities, Weirdness & Mutations

You are immune to sickness and miasma.
Your stone body is resilient. (AC +3)
You are immune to poison.
You resist negative energy. (rN+)
You are resistant to electric shocks. (rElec)
You are resistant to unholy torment.
You are immune to petrification.


   Skills:
 - Level 2.0 Fighting
 - Level 4.1 Ranged Weapons
 + Level 0.0 Armour
 - Level 1.5 Dodging
 - Level 1.0 Spellcasting
 - Level 2.6 Hexes


You had 4 spell levels left.
You knew the following spells:

 Your Spells              Type           Power      Damage    Failure   Level
a - Slow                  Hex            28%        N/A       22%         1

Your spell library contained the following spells:

 Spells                   Type           Power      Damage    Failure   Level
 Inner Flame              Hex/Fire       4%         N/A       73%         3
 Portal Projectile        Hex/Tloc       8%         N/A       73%         3
 Cause Fear               Hex            3%         N/A       91%         4

Inventory:

Hand Weapons
 Y - a +1 sling (weapon)
Armour
 f - a +0 ring mail (worn)
Jewellery
 a - a ring of magical power
Scrolls
 b - 2 scrolls of identify

Dungeon Overview and Level Annotations

Branches:
Dungeon (2/15)

Altars:
Gozag

Shops:
D:2 :

Annotations:
D:2 Terence


Message History

Terence asks, "Do you want it fast or slow?"
Terence hits you with a +0 flail.
You shoot a sling bullet.
The sling bullet hits Terence but does no damage.
Terence is heavily wounded.
Terence closely misses you. x2
You shoot a sling bullet.
The sling bullet hits Terence but does no damage.
Terence is heavily wounded.
Terence screams, "I'm going to kill you!"
Terence misses you.
You shoot a sling bullet. The sling bullet barely misses Terence.
Terence closely misses you.
You shoot a sling bullet.
The sling bullet hits Terence but does no damage.
Terence is heavily wounded.
Terence misses you. x2
You shoot a sling bullet.
The sling bullet hits Terence but does no damage.
Terence is heavily wounded.
Terence closely misses you.
You shoot a sling bullet.
The sling bullet closely misses Terence.
Terence barely misses you. x2
You shoot a sling bullet.
The sling bullet hits Terence but does no damage.
Terence is heavily wounded.
Terence barely misses you.
You shoot a sling bullet. The sling bullet hits Terence.
Terence is severely wounded.
Terence hits you with a +0 flail.
You shoot a sling bullet.
The sling bullet hits Terence but does no damage.
Terence is severely wounded.
Terence hits you but does no damage. Terence hits you with a +0 flail!
You shoot a sling bullet.
The sling bullet hits Terence but does no damage.
Terence is severely wounded.
Terence hits you with a +0 flail!
You die...

#.. .....#
#.##.....##
#.. .......#
#.######..
.......##
#........
....##..
...#.....
..## ...
........ .
..# ##....#.
... #.#
#>......
.....###.#
#.....#.
#..@@.#
#.#.....
#####.#
#.#.###. #.#
#.#.# #. #.#
###.#.###.
#.#
#.........
#.#
#.#.#.####
#.#
###...<.....
#.#
#)......#.##
#.#
#.#####.#...


You could see Terence.

Vanquished Creatures
  3 adders (D:2)
  A worm (D:2)
  A dart slug (D:1)
  3 endoplasms
  A giant cockroach (D:1)
  3 goblins (D:1)
  4 hobgoblins
  4 kobolds
  5 quokkas
  2 ball pythons (D:1)
  5 bats
  2 frilled lizards (D:1)
  4 rats
38 creatures vanquished.

Notes
Turn   | Place    | Note
-------+----------+-------------------------------------------
     0 | D:1      | qw the Gargoyle Hexslinger began the quest for the Orb.
     0 | D:1      | Reached XP level 1. HP: 12/12 MP: 2/2
     0 | D:1      | 0 ||| qw: Version: 0.3-a-46-gb1f654a
     0 | D:1      | 0 ||| qw: Game counter: 1870
     0 | D:1      | 0 ||| qw: Melee chars always use a shield: true
     0 | D:1      | 0 ||| qw: God list: Okawaru
     0 | D:1      | 0 ||| qw: Allow faded altars: false
     0 | D:1      | 0 ||| qw: Do Orc after clearing Dungeon:15 true
     0 | D:1      | 0 ||| qw: Do second Lair branch before Depths: true
     0 | D:1      | 0 ||| qw: Lair rune preference: random
     0 | D:1      | 0 ||| qw: Goals: Normal
     0 | D:1      | 0 ||| PLANNING D:1-11
   184 | D:1      | Reached XP level 2. HP: 16/16 MP: 3/3
   343 | D:1      | Reached skill level 3 in Ranged Weapons
   671 | D:1      | Reached XP level 3. HP: 21/21 MP: 4/4
   755 | D:1      | Found an opulent altar of Gozag.
   875 | D:1      | 875 ||| UPGRADING to +0 ring mail.
   885 | D:1      | 885 ||| DROPPING +0 robe.
   886 | D:1      | 886 ||| READING scroll labelled BUOFEY ITIROSM.
   887 | D:1      | 887 ||| READING scroll labelled JAUTZURIOR.
   888 | D:1      | 888 ||| READING scroll labelled ISCHUWAUHU.
   889 | D:1      | 889 ||| READING 2 scrolls labelled KIYXZY GEEXT.
   893 | D:1      | 893 ||| DROPPING scroll of poison.
  1250 | D:2      | HP: 5/21 [adder (2)]
  1251 | D:2      | 1251 ||| READING scroll of teleportation.
  1253 | D:2      | Reached XP level 4. HP: 7/26 MP: 5/5
  1367 | D:2      | Found Ytuf's Book Boutique.
  1429 | D:2      | Reached skill level 4 in Ranged Weapons
  1457 | D:2      | Noticed Terence
  1481 | D:2      | HP: 6/26 [Terence/+0 flail (7)]
  1482 | D:2      | Slain by Terence

Levels and vault maps discovered:
D:1:      evilmike_arrival_rings, layout_basic, serial_curves, eino_curves_04,
          eino_curves_01, minmay_hexomino_r4
D:2:      layout_loops_ring, serial_shops, shop, minmay_misc_feat_iff,
          minmay_cut_off, uniq_terence

Skill      XL: |  1  2  3  4 |
---------------+-------------+-----
Ranged Weapons | 3 4 |  4.1
Fighting       | 2 |  2.0
Dodging        | |  1.5
Spellcasting   | |  1.0
Hexes          | |  2.6

Action                     |  1- 3 |  4- 6 || total
---------------------------+-------+-------++-------
   Fire: Sling             |   139 |    32 ||   171
    Use: Scroll            |     5 |       ||     5
 Armour: Robe              |    20 |       ||    20
         Ring mail         |    14 |     7 ||    21
  Dodge: Dodged            |    60 |    19 ||    79

Table legend:
 A = Non-vault XP
 B = Vault XP
 C = Vault XP percentage of total XP
 D = Non-vault monster count
 E = Vault monster count
 F = Vault count percentage of total count
                 A         B        C        D         E       F
            +---------+---------+-------+---------+---------+-------
      Total |      91 |      12 |  11.7 |      31 |       7 |  18.4
            +---------+---------+-------+---------+---------+-------
        D:1 |      30 |      12 |  28.6 |      18 |       7 |  28.0
        D:2 |      61 |       0 |   0.0 |      13 |       0 |   0.0
            +---------+---------+-------+---------+---------+-------
